Map: Submarine LE

Players

llllllllllll

  • Race: Terran Terran
  • League: Platinum
  • Spawn Location: 5:00

DANKCRAFT - Winner!

  • Race: Terran Terran
  • League: Master
  • Spawn Location: 11:00

VOD

Have the link to the VOD?

Description

Time

  • Played on: Feb. 17, 2021, 2:31 a.m.
  • Length: 25:06
Show
View Real Time Build Order
Export as new Build Order

llllllllllll Terran 

Build Orders:  

Get SALT Encoding   

  12  0:00  SCV  
  13  0:12  SCV  
  14  0:17  Supply Depot  
  14  0:25  SCV  
  15  0:29  Refinery  
  15  0:39  SCV  
  16  0:45  Barracks  
  16  0:51  SCV  
  17  1:03  SCV  
  18  1:15  SCV  
  19  1:37  Orbital Command  
  19  1:38  Marine  
  20  1:49  Factory  
  20  1:57  Supply Depot  
  20  2:04  Bunker  
  20  2:08  SCV  
  21  2:09  Marine  
  21  2:20  SCV  
  22  2:29  Marine  
  23  2:40  SCV, Starport  
  23  2:43  Command Center  
  24  2:53  SCV  
  24  2:55  Barracks Tech Lab  
  24  2:58  Factory Tech Lab  
  25  3:00  Refinery  
  25  3:02  Supply Depot  
  22  3:13  SCV  
  22  3:18  Siege Tank  
  25  3:26  Marine  
  19  3:55  SCV  
  19  4:07  SCV  
  18  4:15  Orbital Command  
  17  4:19  Starport Tech Lab, SCV  
  18  4:29  Marine  
  19  4:31  SCV  
  20  4:42  SCV  
  20  4:43  SCV  
  22  4:50  Marine  
  23  4:55  SCV  
  23  4:56  SCV  
  23  4:58  Banshee  
  28  5:05  Barracks  
  28  5:07  SCV  
  28  5:08  SCV  
  30  5:14  Marine  
  30  5:19  SCV  
  30  5:20  SCV  
  33  5:31  SCV  
  33  5:32  SCV  
  35  5:46  SCV x2  
  37  5:50  Cloaking Field  
  37  5:51  Banshee  
  40  5:57  Marine  
  40  5:58  SCV x2, Marine  
  44  6:05  Supply Depot  
  44  6:06  Stimpack, Barracks  
  44  6:07  Engineering Bay  
  44  6:10  SCV x2  
  46  6:22  SCV x2  
  46  6:23  Marine x2  
  50  6:28  Supply Depot  
  50  6:50  SCV x2, Marine x2  
  50  6:52  Siege Tank  
  50  6:53  Terran Infantry Armor Level 1  
  57  6:54  Supply Depot  
  57  6:55  Marine  
  58  7:25  SCV x2, Marine x3  
  63  7:47  Starport Reactor  
  63  7:50  Combat Shield, Marine, Siege Tank  
  63  7:51  Marine x2  
  68  7:52  SCV x2  
  68  7:55  Refinery  
  68  7:56  Refinery  
  71  7:58  Supply Depot  
  71  7:59  Supply Depot  
  71  8:32  Marine  
  71  8:33  Marine x2, Siege Tank  
  77  8:37  SCV x2  
  77  8:40  Medivac x2  
  83  8:44  Engineering Bay  
  83  8:47  Barracks  
  83  8:48  Barracks  
  83  8:49  Supply Depot  
  83  8:50  Marine x2, Supply Depot  
  83  8:51  Marine  
  83  8:55  Barracks  
  86  9:02  SCV x2  
  88  9:08  Marine x3  
  88  9:24  Terran Infantry Weapons Level 1  
  88  9:26  Marine, Supply Depot  
  88  9:29  Siege Tank  
  92  9:31  Supply Depot  
  92  9:33  Viking x2  
  96  9:39  Supply Depot  
  96  9:40  Barracks Reactor  
  96  9:41  Barracks Reactor  
  96  9:42  Armory  
  96  9:43  Barracks Reactor  
  96  9:45  Supply Depot  
  96  9:50  Marine x2  
  98  10:07  Marine  
  98  10:08  Marine  
  100  10:22  Marine  
  100  10:23  Marine x2  
  100  10:25  Marine x2  
  100  10:26  SCV x2  
  104  10:43  Marine x2  
  104  10:46  Marine x4  
  110  10:53  Marine x2  
  112  11:01  Marine x2  
  100  11:13  Marine x4  
  100  11:15  SCV x2  
  100  11:17  Medivac x2  
  109  11:19  Siege Tank  
  95  11:33  Marine x3  
  95  11:34  Command Center, Marine x3  
  101  11:40  Terran Infantry Armor Level 2  
  101  11:47  Viking x2  
  105  12:05  Marine x5  
  105  12:06  SCV, Marine  
  105  12:07  SCV  
  113  12:14  Marine  
  113  12:15  Marine  
  115  12:17  Siege Tank  
  118  12:27  Missile Turret  
  118  12:35  Viking  
  120  12:42  Marine x2  
  122  12:49  Sensor Tower  
  122  13:02  Viking  
  122  13:03  Marine x3  
  127  13:05  Viking  
  129  13:19  Missile Turret, Orbital Command  
  126  14:01  Marine x3  
  126  14:02  Marine x2  
  131  14:08  Marine x2  
  133  14:16  Marine  
  134  14:17  Terran Infantry Armor Level 3  
  134  14:18  Terran Infantry Weapons Level 2  
  134  14:19  Marine x4  
  134  14:21  Refinery  
  134  14:23  SCV x3  
  141  14:26  Supply Depot  
  141  14:27  Supply Depot  
  141  14:32  Command Center  
  141  14:33  Terran Vehicle And Ship Armor Level 1  
  141  14:35  SCV  
  142  14:40  Marine x5  
  142  14:41  Marine  
  148  14:53  Liberator x2  
  148  14:58  Missile Turret  
  148  15:01  Missile Turret  
  148  15:06  Marine x4  
  142  15:31  Marine  
  142  15:32  Marine x3  
  142  15:34  Missile Turret  
  72  16:10  Marine x2  
  43  16:25  Orbital Command  
  41  16:54  Refinery  
  41  16:55  Refinery  
  41  16:58  Missile Turret  
  41  17:01  Marine  
  42  17:17  Missile Turret  
  42  17:21  Missile Turret  
  39  18:15  Marine x4  
  39  18:16  Marine x4  
  43  18:33  Marine x4  
  45  18:49  Starport  
  45  18:50  Starport  
  39  19:05  Marine  
  39  19:06  Marine x5  
  46  19:13  Marine  
  35  19:40  Marine x7  
  35  19:44  Medivac x2  
  43  19:57  Marine x2  
  43  19:58  Marine x3  
  45  20:05  Missile Turret  
  45  20:06  Marine x2, Missile Turret  
  47  20:07  Missile Turret  
  47  20:15  Marine  
  47  20:17  Marine x2  
  47  20:18  Marine x2  
  52  20:21  Medivac  
  52  20:24  Marine x2  
  58  20:32  Starport  
  47  21:11  Medivac  
  43  21:13  Medivac x2  
  43  21:14  Marine x6  
  53  21:23  Marine  
  53  21:25  Marine  
  55  21:27  Terran Infantry Weapons Level 3  
  55  21:33  Marine x2  
  55  21:34  Marine  
  55  21:38  Marine  
  59  21:41  Medivac, Marine  
  62  21:54  Marine x2  
  62  21:55  Marine x2  
  66  22:17  Marine x5  
  66  22:18  Marine  
  41  23:17  Marine x3  
  41  23:18  Marine x5  
  47  23:35  Marine  
Show
View Real Time Build Order
Export as new Build Order

DANKCRAFT Terran - Winner!

Build Orders:  

Get SALT Encoding   

  12  0:01  SCV  
  13  0:13  SCV  
  14  0:20  Supply Depot  
  14  0:25  SCV  
  15  0:29  Refinery  
  15  0:42  SCV  
  16  0:45  Barracks  
  16  0:54  SCV  
  17  1:09  Barracks  
  17  1:14  Barracks  
  17  1:22  Refinery  
  17  1:26  SCV  
  18  1:36  Reaper  
  19  1:42  Supply Depot  
  19  1:50  SCV  
  20  2:04  Reaper x2  
  23  2:08  Reaper  
  23  2:17  Orbital Command  
  23  2:52  Command Center  
  23  3:03  SCV  
  23  3:46  Barracks Tech Lab x2  
  23  3:47  Barracks Tech Lab  
  22  4:13  Marauder x3  
  22  4:15  SCV  
  27  4:21  Engineering Bay  
  27  4:23  Factory  
  27  4:25  SCV  
  27  4:27  SCV  
  29  4:35  Marauder  
  29  4:37  SCV  
  32  4:39  SCV  
  32  4:42  Marauder  
  35  4:49  SCV  
  35  4:51  SCV  
  38  5:10  Planetary Fortress  
  38  5:12  Factory Tech Lab  
  37  5:15  SCV, Starport  
  38  5:27  SCV, Missile Turret  
  39  5:33  Siege Tank  
  42  5:40  SCV  
  43  5:46  Refinery  
  43  5:47  SCV  
  43  5:48  Refinery  
  44  5:52  SCV  
  45  5:59  SCV  
  46  6:08  Sensor Tower  
  46  6:19  Supply Depot  
  46  6:41  SCV x2, Siege Tank  
  46  6:45  Marine x3  
  54  6:50  Missile Turret  
  54  6:53  Missile Turret  
  54  7:02  SCV  
  54  7:05  SCV  
  54  7:16  SCV  
  54  7:18  SCV  
  54  7:31  Missile Turret  
  54  7:33  Supply Depot  
  54  7:34  Supply Depot x2  
  54  7:35  Missile Turret  
  54  7:36  Marine, Missile Turret  
  54  7:38  Starport Reactor  
  54  7:43  Supply Depot  
  54  7:44  Supply Depot  
  54  7:45  SCV, Supply Depot  
  54  7:55  SCV, Marine x2  
  54  7:57  SCV  
  58  8:04  Marine  
  59  8:09  SCV  
  59  8:17  Viking x2  
  61  8:22  SCV  
  62  8:34  SCV  
  63  8:45  Starport  
  63  8:46  Supply Depot, Starport  
  63  8:47  Starport  
  63  8:48  Supply Depot  
  63  8:51  Factory Tech Lab  
  46  9:26  Liberator  
  46  9:27  Liberator x3  
  46  9:30  Liberator  
  61  9:35  Siege Tank  
  64  9:52  Marine x3  
  67  10:09  Liberator x2  
  67  10:10  Marine x3  
  76  10:28  Marine x3  
  77  10:29  Liberator x3  
  81  10:45  Marine  
  82  10:52  Liberator  
  82  10:53  Missile Turret x2  
  82  10:56  SCV x2  
  81  11:08  SCV  
  79  11:24  Liberator  
  82  11:43  Viking  
  77  12:11  Siege Tank  
  78  12:20  Fusion Core  
  78  12:21  Starport Tech Lab  
  78  12:26  Starport Tech Lab  
  78  12:37  SCV  
  79  12:49  SCV  
  79  12:56  Siege Tank  
  81  13:01  SCV  
  82  13:08  Battlecruiser  
  82  13:09  Starport Tech Lab  
  88  13:13  SCV  
  83  13:34  Battlecruiser  
  83  13:37  Marine x3  
  89  13:55  Marine x3  
  90  14:01  Battlecruiser  
  96  14:08  Missile Turret  
  96  14:25  Battlecruiser  
  102  14:32  Starport Tech Lab  
  101  15:05  Battlecruiser  
  76  16:23  Orbital Command  
  70  17:01  Battlecruiser  
  70  17:02  Battlecruiser  
  70  17:08  Marine x3  
  82  17:12  Stimpack  
  85  17:26  Marine x3  
  86  17:33  Weapon Refit  
  86  17:44  Marine x3  
  89  18:02  Marine x3  
  92  18:19  Marine  
  92  18:20  Marine x2  
  95  18:37  Marine x3  
  98  18:55  Marine x3  
  101  19:13  Marine x3  
  96  19:31  Marine x3  
  92  19:48  Marine  
  92  19:49  Marine x2  
  95  20:06  Marine x2  
  95  20:07  Marine  
  98  20:18  Refinery  
  98  20:20  Refinery  
  98  20:24  Marine x3  
  101  20:31  Command Center  
  101  20:36  Command Center  
  101  20:42  Marine x3  
  103  20:44  Command Center  
  92  21:00  Marine x3  
  74  21:13  Siege Tank  
  74  21:16  Battlecruiser x2  
  74  21:17  Battlecruiser, Marine  
  96  21:23  Marine x2  
  98  21:35  Marine  
  99  21:40  Marine  
  99  21:41  Marine  
  101  21:49  Factory x2  
  101  21:52  Factory  
  101  21:53  Marine  
  102  22:06  Planetary Fortress  
  102  22:08  Sensor Tower  
  102  22:13  Refinery  
  88  22:59  Battlecruiser  
  83  23:12  SCV  
  50  23:23  Factory Tech Lab x2  
  47  23:58  SCV  
  48  24:10  SCV  
  49  24:22  SCV  
  50  24:34  SCV  
Tags
 
Matchup
TvT
Race
Terran
Spawn Locations
Cross Positions
Add a new tag
Caveats
  • Supply blocks, unpowered buildings, or Contaminate may cause inaccurate times.
  • Supply counts are checked every 10 seconds.